 Dungeon Crawl Stone Soup version 0.29-a0-330-g52719c12eb (webtiles) character file.

Game seed: 15914687384797704970

6 thiscave3701365 the Skirmisher (level 1, -2/20 HPs)
             Began as a Hill Orc Berserker on Apr 12, 2022.
             Was a Follower of Trog.
             Slain by a quokka (3 damage)
             ... on level 1 of the Dungeon.
             The game lasted 00:00:09 (482 turns).

thiscave3701365 the Skirmisher (Hill Orc Berserker)  Turns: 482, Time: 00:00:10

Health: -2/20      AC:  2    Str: 19    XL:     1   Next: 90%
Magic:  1/1        EV: 12    Int:  7    God:    Trog [*.....]
Gold:   22         SH:  0    Dex: 10    Spells: 0/0 levels left

rFire   . . .      SeeInvis .   a - +0 falchion
rCold   . . .      Faith    .   (no shield)
rNeg    . . .      Spirit   .   b - +0 animal skin
rPois   .          Reflect  .   (no helmet)
rElec   .          Harm     .   (no cloak)
rCorr   .          Rampage  .   (no gloves)
Will    .....                   (no boots)
Stlth   +.........              (no amulet)
HPRegen 0.06/turn               (no ring)
MPRegen 0.07/turn               (no ring)

@: no status effects
A: no striking features
a: Renounce Religion, Berserk


You were on level 1 of the Dungeon.
You worshipped Trog.
Trog was aware of your devotion.
You visited 1 branch of the dungeon, and saw 1 of its levels.

You collected 22 gold pieces.

Inventory:

Hand Weapons
 a - a +0 falchion (weapon)
Armour
 b - a +0 animal skin (worn)
Scrolls
 c - 2 scrolls of identify {unknown}
 e - a scroll of vulnerability {unknown}
Potions
 d - a potion of degeneration {unknown}
 f - a potion of resistance {unknown}


   Skills:
 + Level 3.7 Fighting
 + Level 3.4 Long Blades
 + Level 2.4 Armour
 + Level 1.7 Dodging


You couldn't memorise any spells.
You didn't know any spells.
Your spell library was empty.

Dungeon Overview and Level Annotations

Branches:
Dungeon (1/15)

Altars:


Message History

A goblin is nearby!
You barely miss the goblin. The goblin closely misses you.
A goblin is nearby!
You hit the goblin.
The goblin is moderately wounded.
The goblin misses you.
A quokka comes into view.
The goblin hits you with a +0 dagger.
There are monsters nearby!
You barely miss the goblin. The goblin hits you with a +0 dagger.
There are monsters nearby!
You closely miss the goblin. The goblin hits you with a +0 dagger.
There are monsters nearby!
You hit the goblin.
You kill the goblin!
Trog accepts your kill.
A quokka is nearby!
You miss the quokka. The quokka bites you.
A quokka is nearby!
You closely miss the quokka. The quokka bites you.
A quokka is nearby!
You are too injured to fight recklessly!
A quokka is nearby!
You are too injured to fight recklessly!
A quokka is nearby!
You are too injured to fight recklessly!
A quokka is nearby!
You are too injured to fight recklessly!
A quokka is nearby!
You are too injured to fight recklessly!
You barely miss the quokka. The quokka bites you.
* * * LOW HITPOINT WARNING * * *
The quokka barely misses you.
You closely miss the quokka. Your punch misses the quokka.
The quokka bites you.
* * * LOW HITPOINT WARNING * * *
You hit the quokka.
The quokka is heavily wounded.
The quokka bites you.
You die...

#.#P..#.#...#..
..........#PP.#.#..P##.
........###..#.#..## .......#
##.#.#P## ......######.###
.....#.###..######
....#...........#
#r#.#.#########.# ###
######@#.#.# #.# #####.##
##...##.#.#.# #.##
.##....###.....#.#.#.# #..#
#...#.......⌠..#.>.#.# ##.#
#..######.#...##...#.##########..
##'# #.######.................
#'## ### #..[#.############ ####
#...#...# .P... ...## #...#.#.#
##...##


You could see a quokka.

Vanquished Creatures
  2 goblins (D:1)
  A ball python (D:1)
  4 rats (D:1)
7 creatures vanquished.

Notes
Turn   | Place    | Note
-------+----------+-------------------------------------------
     0 | D:1      | thiscave3701365 the Hill Orc Berserker began the quest for
                  | the Orb.
     0 | D:1      | Reached XP level 1. HP: 19/19 MP: 1/1
   481 | D:1      | HP: 1/20 [quokka (2)]
   482 | D:1      | Slain by a quokka

Illustrated notes

Levels and vault maps discovered:
D:1:      dpeg_cavernosity, layout_basic,
          shapermc_ecumenical_altar_mp_ritualfount, serial_aquarium,
          aquarium_bridge_straight [aquarium_subvault_bridge,
          aquarium_subvault_window, aquarium_subvault_bridge,
          aquarium_subvault_wall], aquarium_bridge_straight
          [aquarium_subvault_bridge, aquarium_subvault_window,
          aquarium_subvault_bridge, aquarium_subvault_window],
          aquarium_window_1, aquarium_window_1, aquarium_view_2c,
          aquarium_view_2e

Action                   || total
-------------------------++-------
Melee: Falchion          ||    23
Armor: Animal skin       ||     3
Dodge: Dodged            ||    10

Table legend: (Time is in decaauts)
 A = Elapsed time spent in this place.
 B = Non-inter-level travel time spent in this place.
 C = Inter-level travel time spent in this place.
 D = Time resting spent in this place.
 E = Time spent auto-exploring this place.
 F = Levels seen in this place.
 G = Mean time per level.
                   A        B        C        D        E       F      G
               +--------+--------+--------+--------+--------+-----+--------+
         Total |    484 |    484 |      0 |      0 |    437 |   1 |  484.0 |
       Dungeon |    484 |    484 |      0 |      0 |    437 |   1 |  484.0 |
               +--------+--------+--------+--------+--------+-----+--------+

Top non-repeatable levels by time:
     D:1: 484 daAuts
